 Dungeon Crawl Stone Soup version 0.30-a0-618-gd6c86c23d0 (webtiles) character file.

Game seed: 16016255518429880050

7896 wormed the Transmogrifier (level 11, -9/90 HPs)
             Began as an Octopode Transmuter on Jan 9, 2023.
             Was an Initiate of Gozag.
             Mangled by Snorg (20 damage)
             ... on level 10 of the Dungeon.
             The game lasted 00:14:52 (10487 turns).

wormed the Transmogrifier (Octopode Transmuter)    Turns: 10487, Time: 00:14:52

Health: -9/90      AC:  8    Str: 21    XL:     11   Next: 22%
Magic:  27/31      EV: 12    Int: 21    God:    Gozag
Gold:   848        SH:  0    Dex: 12    Spells: 18/25 levels left

rFire   x . .      SeeInvis +      - Unarmed
rCold   + + +      Faith    .    (shield currently unavailable)
rNeg    . . .      Spirit   .    (helmet currently unavailable)
rPois   +          Reflect  .    b - amulet of the acrobat
rElec   .          Harm     .    m - +6 ring of strength
rCorr   .          Rampage  .    e - +6 ring of strength
Will    .....                    r - ring of see invisible
Stlth   +                        n - ring of magical power
HPRegen 0.35/turn                (no ring)
MPRegen 0.22/turn                (no ring)
                                 (no ring)
                                 (no ring)

@: ice-form, wereblooded
A: freezing attack, boosted hp, almost no armour, amphibious, 8 rings, large,
(camouflage 1), (gelatinous body 1), (nimble swimmer 1), (tentacles)
a: End Transformation, Renounce Religion, Potion Petition, Call Merchant, Bribe
Branch


You were on level 10 of the Dungeon.
You worshipped Gozag.
Gozag was pleased with you.
You were a creature of crystalline ice.
You visited 2 branches of the dungeon, and saw 11 of its levels.

You collected 1549 gold pieces.
You paid 701 gold pieces to Gozag.

Inventory:

Jewellery
 b - an amulet of the acrobat (around neck)
 e - a +6 ring of strength (right front paw)
 m - a +6 ring of strength (left front paw)
 n - a ring of magical power (on tentacle)
 o - a ring of ice
 r - a ring of see invisible (on tentacle)
 B - a +6 ring of intelligence
Wands
 t - a wand of charming (5)
 z - a wand of iceblast (2)
Scrolls
 a - 3 scrolls of fear
 g - 4 scrolls of noise
 s - 5 scrolls of identify
 u - a scroll of blinking
 w - a scroll of magic mapping
 x - 3 scrolls of teleportation
 y - 2 scrolls of enchant armour
 C - a scroll of brand weapon {unknown}
Potions
 c - a potion of magic
 d - 4 potions of flight
 f - a potion of mutation
 h - a potion of might
 i - 2 potions of haste
 j - 3 potions of attraction
 k - 3 potions of brilliance
 l - a potion of degeneration
 p - 2 potions of berserk rage
 q - 5 potions of curing
 v - 2 potions of lignification
 A - a potion of invisibility
 D - a potion of heal wounds


   Skills:
 + Level 7.0 Fighting
 + Level 7.2 Dodging
 + Level 7.6 Unarmed Combat
 + Level 7.6 Spellcasting
 + Level 8.2 Transmutations
 - Level 4.0 Ice Magic


You had 18 spell levels left.
You knew the following spells:

 Your Spells              Type           Power      Damage    Failure   Level
a - Ice Form              Ice/Tmut       33%        N/A       7%          4
b - Wereblood             Tmut           42%        N/A       1%          2
z - Beastly Appendage     Tmut           84%        N/A       1%          1

Your spell library contained the following spells:

 Spells                   Type           Power      Damage    Failure   Level
 Sting                    Tmut/Pois      100%       1d8       1%          1
 Spider Form              Tmut/Pois      25%        N/A       4%          3
 Apportation              Tloc           16%        N/A       9%          1
 Hailstorm                Conj/Ice       16%        3d6       11%         3
 Poisonous Vapours        Pois/Air       16%        N/A       13%         2
 Static Discharge         Conj/Air       16%        2-3/arc   13%         2
 Vhi's Electric Charge    Tloc/Air       16%        N/A       26%         3
 Alistair's Intoxication  Tmut/Pois      16%        N/A       38%         5
 Olgreb's Toxic Radiance  Pois           8%         N/A       63%         4
 Arcjolt                  Conj/Air       4%         1d14      93%         5
 Fireball                 Conj/Fire      4%         3d4       93%         5
 Iskenderun's Battlesphe  Conj           8%         2d6       93%         5
 Lightning Bolt           Conj/Air       4%         1d15      93%         5
 Conjure Ball Lightning   Conj/Air       4%         3x3d6     100%        6
 Orb of Destruction       Conj           4%         9d5       100%        7
 Simulacrum               Ice/Necr       Unusable   N/A       N/A         6

Dungeon Overview and Level Annotations

Branches:
Dungeon (10/15)            Temple (1/1) D:4            Lair (0/5) D:8
    Orc (0/2) D:9

Altars:
Ashenzari
Cheibriados
Dithmenos
Elyvilon
Fedhas
Gozag
Hepliaklqana
Kikubaaqudgha
Makhleb
Nemelex Xobeh
Okawaru
Ru
Sif Muna
Trog
Uskayaw
Vehumet
Wu Jian
Xom
Yredelemnul
Zin
The Shining One

Shops:
D:8 *   D:9 [   D:10 =

Portals:
Trove: D:10 (give 6 scrolls of blinking)

Annotations:
D:4 3 runed translucent doors, bmack86's ghost, amateur MiFi
D:6 3 runed translucent doors, acebull12's ghost, novice DsNe
D:7 5 transporters
D:10 Snorg


Innate Abilities, Weirdness & Mutations

You are a creature of crystalline ice.
You have a powerful freezing melee attack.
Your maximum health is increased.
Your armour is entirely melded.
You are incapable of wielding weapons or throwing items.
You cannot wear most types of armour.
You are amphibious.
You can wear up to eight rings at the same time.
((Your skin changes colour to match your surroundings (Stealth+).))
((Your rubbery body absorbs attacks. (AC +1, EV +1)))
((You are camouflaged when in or above water. (Stealth+)))
((You have tentacles for arms and can constrict up to eight enemies at once.))


Message History

The bolt of light hits Snorg!
Snorg is lightly wounded.
Snorg is blinded.
Snorg bites you! Snorg closely misses you. Snorg claws you but does no damage.
You pummel Snorg!! You freeze Snorg!
Snorg is moderately wounded.
Snorg goes berserk!
You punch Snorg! You freeze Snorg.
Snorg is heavily wounded.
Snorg bites you. Snorg closely misses you. Snorg claws you!
You hit Snorg. You freeze Snorg.
Snorg is heavily wounded.
Snorg misses you. Snorg barely misses you. Snorg claws you but does no damage.
You pummel Snorg!! You freeze Snorg.
Snorg is heavily wounded.
Snorg barely misses you. Snorg closely misses you. Snorg claws you!
You punch Snorg! You freeze Snorg!
Snorg is severely wounded.
Snorg misses you. Snorg barely misses you. Snorg claws you!! Snorg misses you.
Snorg barely misses you. Snorg claws you!
You catch the helpless Snorg completely off-guard!
You hit Snorg. You freeze Snorg.
Snorg is severely wounded.
Aiming: Bolt of Light
Press: ? - help, Q - select action, (/) - cycle Shift-Dir - straight line, f/p - Snorg
Aim: Snorg (severely wounded, berserk, blind, 71% to hit)
The bolt of light hits Snorg!
Snorg is severely wounded.
The now-empty wand crumbles to dust.
Snorg barely misses you. Snorg claws you but does no damage. Snorg claws you!
* * * LOW HITPOINT WARNING * * *
You punch Snorg! You freeze Snorg.
Snorg is almost dead.
Snorg bites you!
* * * LOW HITPOINT WARNING * * *
Snorg claws you.
* * * LOW HITPOINT WARNING * * *
Snorg barely misses you. Snorg bites you!!
You die...
Your body crumbles into a pile of gold.

..........#
#.#
..........#
#.#
..........#
######.#
.##########
#......#
#.#######
#.......#
#..####.#
#..##.#
#.YT..#
#...#.#
.....# #
####.(.$
...∩.
..!.!#
....##
#....#


You could see Snorg (berserk, blind).

Vanquished Creatures
  2 two-headed ogres (D:9)
  A komodo dragon (D:8)
  A troll (D:10)
  A hornet (D:8)
  Prince Ribbit (D:8)
  6 yaks (D:10)
  A wyvern (D:9)
  3 shadows
  2 wargs (D:9)
  2 steam dragons
  Menkaure (D:6)
  3 water moccasins
  2 ice beasts
  4 orc warriors (D:9)
  2 sky beasts (D:6)
  A black bear (D:6)
  4 centaurs
  2 necrophages
  5 bullfrogs
  A gnoll sergeant (D:7)
  5 scorpions
  A howler monkey (D:5)
  6 killer bees (D:8)
  5 orc priests
  6 hounds
  A jelly (D:4)
  2 gnoll boudas
  3 iron imps (D:3)
  4 iguanas
  11 orc wizards
  Natasha (D:3)
  15 gnolls
  4 adders
  A white imp (D:7)
  An ufetubus (D:4)
  2 worms
  3 dart slugs
  37 orcs
  8 ball pythons
  4 endoplasms
  5 giant cockroaches
  10 goblins
  8 hobgoblins
  4 jackals (D:3)
  5 quokkas
  6 bats
  A frilled lizard (D:2)
  6 kobolds
  4 rats
214 creatures vanquished.

Vanquished Creatures (others)
  32 plants (D:8)
32 creatures vanquished.

Grand Total: 246 creatures vanquished

Notes
Turn   | Place    | Note
-------+----------+-------------------------------------------
     0 | D:1      | wormed the Octopode Transmuter began the quest for the Orb.
     0 | D:1      | Reached XP level 1. HP: 13/13 MP: 3/3
   174 | D:1      | Reached XP level 2. HP: 18/18 MP: 3/5
   531 | D:1      | Reached XP level 3. HP: 23/23 MP: 4/6
   557 | D:1      | Found a faded altar of an unknown god.
  1088 | D:2      | Reached skill level 3 in Transmutations
  1687 | D:2      | Learned a level 2 spell: Wereblood
  1730 | D:3      | Reached XP level 4. HP: 28/28 MP: 5/8
  1741 | D:3      | Learned a level 4 spell: Ice Form
  1898 | D:3      | Reached skill level 1 in Ice Magic
  1898 | D:3      | Reached XP level 5. HP: 30/33 MP: 7/10
  2008 | D:3      | Noticed Natasha
  2024 | D:3      | Killed Natasha
  2224 | D:3      | Found a burning altar of Makhleb.
  2241 | D:3      | Reached skill level 4 in Transmutations
  2243 | D:3      | Reached XP level 6. HP: 26/38 MP: 3/11
  2737 | D:3      | Found a blossoming altar of Fedhas.
  3245 | D:4      | Found a staircase to the Ecumenical Temple.
  3258 | D:4      | Found a basalt altar of Yredelemnul.
  3280 | Temple   | Entered the Ecumenical Temple
  3402 | Temple   | Became a worshipper of Gozag Ym Sagoz the Greedy
  3488 | D:4      | Found a runed translucent gate.
  3655 | D:4      | Found a broken altar of Ashenzari.
  3663 | D:4      | Found a hazy altar of Hepliaklqana.
  3932 | D:4      | Found a runed translucent gate.
  3932 | D:4      | Found a runed translucent gate.
  3932 | D:4      | Noticed bmack86's ghost (amateur MiFi)
  4296 | D:4      | Reached XP level 7. HP: 24/43 MP: 7/13
  4392 | D:5      | Entered Level 5 of the Dungeon
  4971 | D:5      | Found a sparkling altar of Nemelex Xobeh.
  5392 | D:5      | Reached XP level 8. HP: 49/51 MP: 7/14
  5455 | D:5      | Reached skill level 5 in Transmutations
  5674 | D:5      | Found a glowing golden altar of the Shining One.
  5674 | D:5      | Found a white marble altar of Elyvilon.
  5678 | D:5      | Found a glowing silver altar of Zin.
  5983 | D:6      | Reached skill level 5 in Spellcasting
  6023 | D:6      | Found a runed translucent gate.
  6023 | D:6      | Noticed acebull12's ghost (novice DsNe)
  6024 | D:6      | Found a runed translucent gate.
  6026 | D:6      | Found a runed translucent gate.
  6026 | D:6      | Noticed Menkaure
  6033 | D:6      | Killed Menkaure
  6235 | D:6      | Reached XP level 9. HP: 58/58 MP: 17/17
  6277 | D:6      | Reached skill level 5 in Unarmed Combat
  6725 | D:7      | Reached skill level 6 in Transmutations
  6785 | D:7      | Found a transporter.
  6785 | D:7      | Noticed a two-headed ogre
  6786 | D:7      | Noticed a cyclops
  6788 | D:7      | Found a transporter.
  6827 | D:7      | Noticed a troll
  6830 | D:7      | Noticed a manticore
  6835 | D:7      | Found a transporter.
  6835 | D:7      | Found a transporter.
  6837 | D:7      | Noticed a boulder beetle
  7230 | D:7      | Found a transporter.
  7259 | D:7      | Reached skill level 5 in Dodging
  7539 | D:8      | Noticed Prince Ribbit
  7550 | D:8      | Killed Prince Ribbit
  7551 | D:8      | Reached skill level 5 in Fighting
  7630 | D:8      | Noticed a hornet
  7643 | D:8      | Killed a hornet
  7644 | D:8      | Reached XP level 10. HP: 66/66 MP: 19/19
  7749 | D:8      | Reached skill level 7 in Transmutations
  7844 | D:8      | Found a shimmering blue altar of Sif Muna.
  7941 | D:8      | Found a sacrificial altar of Ru.
  7941 | D:8      | Found an ornate altar of the Wu Jian Council.
  8262 | D:8      | Found a staircase to the Lair.
  8646 | D:9      | Found Heucw's Antique Armour Shop.
  8985 | D:9      | Noticed a two-headed ogre
  8993 | D:9      | Killed a two-headed ogre
  9092 | D:9      | Noticed a two-headed ogre
  9102 | D:9      | Killed a two-headed ogre
  9391 | D:9      | Found a staircase to the Orcish Mines.
  9632 | D:10     | Entered Level 10 of the Dungeon
  9680 | D:10     | Reached XP level 11. HP: 74/74 MP: 21/21
  9850 | D:10     | Reached skill level 8 in Transmutations
  9919 | D:10     | Found Iczar's Jewellery Shoppe.
  9962 | D:10     | Found a radiant altar of Vehumet.
 10472 | D:10     | Found a portal to a secret trove of treasure.
 10474 | D:10     | Noticed Snorg
 10487 | D:10     | Mangled by Snorg

Illustrated notes

Levels and vault maps discovered:
D:1:      elethiomel_arrival_shortcut, layout_basic, serial_rivers,
          chequers_serial_rivers_micro_c, chequers_serial_rivers_micro_a,
          chequers_serial_rivers_marsh, chequers_serial_rivers_small_b,
          chequers_serial_rivers_micro_a, chequers_ecumenical_altar_lobes,
          grunt_decor_resistance
D:2:      layout_loops_ring
D:3:      corexii_shack_village, layout_basic, fedhas_altar_1, demons_altar,
          uniq_natasha
D:4:      layout_basic, jmf_multi_god_temple, mainiacjoe_overflow_brackets,
          minmay_temple_entry_mini_moons, gammafunk_ghost_necromancy,
          kennysheep_generic_room_6
D:5:      layout_loops_ring, good_gods_temple_1,
          mainiacjoe_overflow_concentric_impassable
D:6:      layout_rooms, biasface_ghost_orc_armoury, corexii_corridor_pit,
          minivault_5, uniq_menkaure
D:7:      gammafunk_the_bubble [the_bubble_gammafunk_roulette], layout_gridville
D:8:      layout_cave_pools, nicolae_sif_muna_condensation,
          mainiacjoe_overflow_divided_tiny, david_lair_shrubbed,
          uniq_prince_ribbit1
D:9:      layout_irregular_city, david_orc_1_choice, serial_shops,
          nicolae_shop_statue_plus
D:10:     layout_basic, fiery_altar_vehumet, nicolae_trove_entry_free_sample,
          serial_shops, shop, uniq_snorg
Temple:   dpeg_three_leaves_temple

Skill      XL: |  1  2  3  4  5  6  7  8  9 10 11 |
---------------+----------------------------------+-----
Transmutations | 3 4 5 6 7 8 |  8.2
Spellcasting   | 3 4 5 6 7 |  7.6
Ice Magic      | 1 2 3 4 |  4.0
Fighting       | 2 3 5 6 7 |  7.0
Dodging        | 3 4 5 6 7 |  7.2
Unarmed Combat | 4 6 7 |  7.6

Action                   |  1- 3 |  4- 6 |  7- 9 | 10-12 || total
-------------------------+-------+-------+-------+-------++-------
Melee: Unarmed           |    83 |   120 |   171 |   144 ||   518
       Constrict         |    29 |    24 |       |       ||    53
       Kick              |    13 |    30 |       |       ||    43
       Tentacles         |    20 |    16 |     2 |     3 ||    41
       Punch             |       |     2 |       |       ||     2
 Cast: Beastly Appendage |    22 |    19 |       |       ||    41
       Wereblood         |     1 |    14 |    25 |    21 ||    61
       Ice Form          |       |    10 |    33 |    21 ||    64
Invok: Call Merchant     |       |       |       |     1 ||     1
Evoke: Wand              |       |       |       |     6 ||     6
  Use: Scroll            |    11 |    10 |     1 |     1 ||    23
       Potion            |     1 |     2 |     1 |     1 ||     5
 Stab: Sleeping          |     4 |     1 |       |       ||     5
       Distracted        |       |       |     1 |       ||     1
       Invisible         |       |       |       |     1 ||     1
Armor: Skin              |    10 |    14 |    48 |    51 ||   123
Dodge: Dodged            |    52 |    70 |    81 |    99 ||   302

Table legend: (Time is in decaauts)
 A = Elapsed time spent in this place.
 B = Non-inter-level travel time spent in this place.
 C = Inter-level travel time spent in this place.
 D = Time resting spent in this place.
 E = Time spent auto-exploring this place.
 F = Levels seen in this place.
 G = Mean time per level.
                   A        B        C        D        E       F      G
               +--------+--------+--------+--------+--------+-----+--------+
         Total |  10440 |  10075 |    365 |    100 |   8194 |  11 |  949.1 |
       Dungeon |  10301 |   9948 |    353 |    100 |   8097 |  10 | 1030.1 |
        Temple |    138 |    126 |     12 |      0 |     97 |   1 |  138.0 |
               +--------+--------+--------+--------+--------+-----+--------+

Top non-repeatable levels by time:
     D:5: 1379 daAuts
     D:3: 1308 daAuts
     D:4: 1239 daAuts
     D:9: 1134 daAuts
     D:8: 1084 daAuts
     D:1: 1010 daAuts
     D:6: 927 daAuts
    D:10: 848 daAuts
     D:7: 686 daAuts
     D:2: 682 daAuts
  Temple: 138 daAuts
